Map: Écho EC

Players

AgCl - Winner!

  • Race: Protoss Protoss
  • League: Grandmaster

Xisled

  • Race: Zerg Zerg
  • League: Grandmaster

VOD

Have the link to the VOD?

Description

Time

  • Played on: June 8, 2015, 6:35 p.m.
  • Length: 8:19
Show
View Real Time Build Order
Export as new Build Order

AgCl Protoss - Winner!

Build Orders: 1 Gate Expand, Oracle Opening, Oracle Opening, Carrier Rush 

Get SALT Encoding   

  12  0:02  Probe  
  13  0:25  Probe  
  14  0:29  Pylon  
  14  0:47  Probe  
  15  0:54  Gateway, Assimilator  
  15  0:59  Probe  
  16  1:11  Probe  
  17  1:24  Probe  
  18  1:33  Nexus  
  18  1:36  Probe  
  19  1:43  Zealot (Chrono Boost)  
  21  1:48  Probe  
  22  1:57  Cybernetics Core  
  22  2:09  Pylon  
  22  2:19  Assimilator  
  22  2:27  Probe (Chrono Boost)  
  23  2:36  Probe (Chrono Boost)  
  24  2:39  Stargate  
  25  2:44  Probe (Chrono Boost)  
  25  2:48  Probe (Chrono Boost)  
  26  2:56  Probe (Chrono Boost)  
  25  3:00  Probe (Chrono Boost)  
  28  3:06  Mothership Core (Chrono Boost)  
  28  3:08  Probe (Chrono Boost)  
  29  3:17  Probe (Chrono Boost)  
  31  3:21  Probe (Chrono Boost)  
  31  3:23  Gateway  
  31  3:24  Probe (Chrono Boost)  
  31  3:26  Oracle (Chrono Boost)  
  35  3:29  Probe  
  36  3:34  Probe  
  37  3:43  Assimilator  
  37  3:45  Probe (Chrono Boost)  
  37  3:46  Probe (Chrono Boost)  
  39  3:51  Adept  
  43  3:56  Probe (Chrono Boost)  
  43  3:57  Probe (Chrono Boost)  
  42  4:03  Probe (Chrono Boost)  
  42  4:08  Assimilator  
  44  4:10  Probe (Chrono Boost)  
  44  4:13  Fleet Beacon  
  44  4:15  Warp Gate (Chrono Boost)  
  44  4:20  Pylon  
  44  4:38  Probe x2  
  46  4:50  Probe  
  47  4:53  Gateway, Probe  
  47  4:54  Carrier (Chrono Boost)  
  47  4:55  Pylon  
  47  5:08  Graviton Catapult (Chrono Boost)  
  47  5:13  Probe  
  54  5:15  Probe  
  54  5:18  Nexus  
  54  5:20  Pylon  
  55  5:26  Probe  
  55  5:27  Probe  
  57  5:36  Pylon  
  57  5:38  Probe  
  57  5:39  Probe  
  57  5:40  Carrier (Chrono Boost)  
  57  5:41  Gateway  
  59  5:51  Probe  
  59  5:52  Probe  
  59  5:55  Protoss Air Weapons Level 1 (Chrono Boost)  
  61  6:03  Probe  
  68  6:05  Stalker, Pylon  
  68  6:08  Probe  
  71  6:13  Forge  
  71  6:15  Probe  
  72  6:20  Gateway  
  72  6:28  Probe  
  72  6:29  Probe  
  72  6:30  Probe  
  75  6:39  Carrier (Chrono Boost)  
  75  6:40  Probe, Adept  
  75  6:41  Adept x3  
  84  6:47  Probe x2  
  84  6:53  Probe  
  85  6:59  Probe  
  90  7:02  Probe  
  90  7:06  Stalker, Adept x2  
  97  7:10  Probe  
  97  7:14  Pylon  
  98  7:20  Assimilator  
  98  7:23  Assimilator  
  98  7:24  Stargate  
  98  7:25  Pylon  
  98  7:32  Probe x2  
  97  7:44  Adept x2  
  99  7:45  Stalker, Adept  
  99  7:47  Probe  
Show
View Real Time Build Order
Export as new Build Order

Xisled Zerg 

Build Orders: Hatch First 

Get SALT Encoding   

  12  0:01  Drone  
  13  0:11  Drone  
  14  0:33  Hatchery  
  13  0:37  Drone  
  13  0:40  Extractor  
  14  0:42  Drone  
  15  0:59  Spawning Pool  
  14  1:05  Overlord  
  14  1:16  Drone, Extractor  
  14  1:24  Drone x2  
  16  1:31  Drone  
  17  1:39  Drone  
  18  1:45  Queen  
  20  1:49  Queen  
  20  1:52  Drone  
  23  1:56  Drone  
  24  2:03  Overlord  
  24  2:06  Drone  
  25  2:10  Drone  
  26  2:17  Metabolic Boost  
  26  2:25  Queen  
  28  2:33  Zergling x4  
  27  3:01  Drone x4  
  27  3:02  Drone x5  
  36  3:17  Overlord  
  36  3:30  Roach Warren  
  36  3:31  Hatchery  
  36  3:32  Drone  
  36  3:33  Drone  
  36  3:37  Overlord  
  36  3:48  Drone  
  37  3:50  Drone x4  
  37  3:51  Drone  
  37  3:53  Extractor  
  37  3:54  Extractor  
  40  4:04  Spore Crawler  
  40  4:06  Spore Crawler  
  40  4:07  Spore Crawler  
  37  4:29  Queen  
  34  4:49  Spore Crawler  
  33  4:56  Drone  
  33  4:57  Drone  
  33  4:59  Drone x3  
  38  5:00  Drone x3  
  38  5:01  Drone x4  
  38  5:03  Drone x3  
  38  5:04  Drone x2  
  49  5:14  Lair  
  49  5:37  Overlord x2  
  49  5:39  Drone x5  
  49  5:40  Drone  
  55  5:44  Drone x3  
  58  5:59  Drone  
  58  6:00  Drone x3  
  58  6:01  Drone, Extractor  
  62  6:06  Roach x6  
  62  6:09  Overlord  
  62  6:10  Overlord  
  74  6:20  Extractor  
  74  6:21  Extractor  
  72  6:33  Hatchery  
  71  6:41  Roach x5  
  70  7:11  Spire  
  63  7:26  Roach  
  63  7:27  Roach x9  
  75  7:43  Spore Crawler  
  72  7:45  Spore Crawler  
  66  7:56  Spore Crawler  
  66  7:57  Spore Crawler  
  61  8:00  Zergling x18  
Tags
 
Add a new tag
Caveats
  • Supply blocks, unpowered buildings, or Contaminate may cause inaccurate times.
  • Supply counts are checked every 10 seconds.